[Event "*** SCC Grand Prix: Titled Tuesday Blitz"]
[Site "Chess.com"]
[Date "2020.07.14"]
[Round "8"]
[White "WiktoriaPOL"]
[Black "c_r_e_e_p_e_r"]
[Result "0-1"]
[WhiteElo "1922"]
[BlackElo "2301"]
[TimeControl "180+1"]
[EndTime "11:36:53 PDT"]
[Termination "c_r_e_e_p_e_r won on time"]

1. c4 e6 2. Nc3 Nf6 3. e4 d5 4. e5 Ne4 5. Nxe4 dxe4 6. d4 exd3 7. Qxd3 Bb4+ 8. Bd2 Qxd3 9. Bxd3 Bxd2+ 10. Kxd2 Nc6 11. f4 b6 12. Nf3 Bb7 13. Be4 O-O-O+ 14. Kc3 Kb8 15. Rhe1 h6 16. Bc2 Ne7 17. Rad1 Bxf3 18. gxf3 c5 19. Rxd8+ Rxd8 20. Rg1 g6 21. Rd1 Kc7 22. Rxd8 Kxd8 23. Kd2 Nc6 24. Ke3 Nd4 25.
Be4 Kd7 26. b3 a5 27. Kd3 Kc7 28. Ke3 Kb8 29. h4 h5 30. Kd3 Ka7 31. Ke3 Ka6 32. Kd3 a4 33. b4 a3 34. Ke3 Nb3 35. Bc2 Nc1 36. Bb1 cxb4 37. Kd2 Nxa2 38. Bxa2 Kb7 39.
Kc2 Kc6 40. Kb3 Kc5 41. Bb1 b5 42. cxb5 Kxb5 43. Bd3+ Kc5 44. Be4 Kd4 45. Kxb4 a2 0-1

[Event "*** SCC Grand Prix: Titled Tuesday Blitz"]
[Site "Chess.com"]
[Date "2020.07.14"]
[Round "8"]
[White "Steven_Rojas"]
[Black "Chessdreamer2020"]
[Result "1/2-1/2"]
[WhiteElo "2407"]
[BlackElo "2563"]
[TimeControl "180+1"]
[EndTime "11:36:54 PDT"]
[Termination "Game drawn - insufficient material"]

1. c4 c5 2. Nc3 Nc6 3. Nf3 e5 4. e3 f5 5. d4 e4 6. d5 Nb8 7. Nd2 Nf6 8. Be2 Bd6 9. g4 O-O 10. gxf5 Qe7 11. b3 Be5 12. Bb2 d6 13. Qc2 Bxf5 14. O-O-O Na6 15. a3 Nc7 16. Rdg1 a6 17.
Rg5 g6 18. Rhg1 Kh8 19. h4 b5 20. h5 b4 21. axb4 cxb4 22. Na4 Nb5 23. hxg6 Bxg6 24. Bxe5 dxe5 25. Rxg6 hxg6 26. Nxe4 Na3 27. d6 Qb7 28.
Nec5 Qh7 29. Qxg6 Qxg6 30. Rxg6 Rad8 31. d7 Nxd7 32. Ne6 Kh7 33. Nxf8+ Nxf8 34. Rxa6 Ng6 35. Nc5 Rf8 36. Ne4 Nh4 37. f4 exf4 38. Nf6+ Kh8 39. exf4 Ng2 40. Nd5 Re8 41. Kd2 Nb1+ 42. Kd1 Nc3+ 43.
Nxc3 bxc3 44. Bd3 Rd8 45. Kc2 Ne1+ 46. Kxc3 Rxd3+ 47. Kb4 Nc2+ 48. Kb5 Rxb3+ 49. Kc6 Rb4 50. c5 Rxf4 51. Kd7 Nd4 52. c6 Rf7+ 53. Kd6 Rf6+ 54. Ke5 Rxc6 55. Rxc6 Nxc6+ 1/2-1/2

[Event "*** SCC Grand Prix: Titled Tuesday Blitz"]
[Site "Chess.com"]
[Date "2020.07.14"]
[Round "8"]
[White "Speshka"]
[Black "Tashik"]
[Result "1-0"]
[WhiteElo "2205"]
[BlackElo "2398"]
[TimeControl "180+1"]
[EndTime "11:36:54 PDT"]
[Termination "Speshka won on time"]

1. e4 Nf6 2. e5 Nd5 3. d4 d6 4. Bc4 Nb6 5. Bb3 g6 6. Nf3 Bg7 7. e6 f6 8. d5 a5 9. a4 c6 10. c4 Na6 11. Ba2 Nb4 12. Bb3 Na6 13. Nc3 Nc5 14.
Ba2 O-O 15. O-O Rb8 16. b3 f5 17. Bb2 Ne4 18. Rc1 Na8 19. Qc2 Nf6 20. Rfe1 Nc7 21. Rcd1 Qe8 22. Bb1 b5 23. cxb5 cxb5 24. axb5 Nxb5 25.
Qd3 Ba6 26. Nxb5 Rxb5 27. Qc3 Qa8 28. Nd4 Rxd5 29. Nc6 Re8 30. Rxd5 Bb7 31. Rdd1 Bxc6 32. Bd3 Bxg2 33. Bb5 Rc8 34. Qg3 Be4 35. Rc1 Nh5 36. Rxc8+ Qxc8 37. Qg5 Bxb2 38. Qxe7 Qf8 39. Qxf8+ Kxf8 40.
f3 Bd4+ 41. Kg2 Nf4+ 42. Kg3 1-0

[Event "*** SCC Grand Prix: Titled Tuesday Blitz"]
[Site "Chess.com"]
[Date "2020.07.14"]
[Round "8"]
[White "crazychessbr"]
[Black "mfwagnerpeixoto"]
[Result "1-0"]
[WhiteElo "2087"]
[BlackElo "2228"]
[TimeControl "180+1"]
[EndTime "11:36:54 PDT"]
[Termination "crazychessbr won by resignation"]

1. e4 c5 2. d3 g6 3. g3 Bg7 4. Bg2 Nc6 5. f4 e6 6. Nf3 Nge7 7. O-O d6 8. c3 O-O 9. Be3 Rb8 10. d4 cxd4 11. cxd4 d5 12. e5 Nf5 13. Bf2 h5 14. h3 b6 15. g4 hxg4 16. hxg4 Nh6 17. Nh2 Ba6 18. Re1 f6 19. exf6 Qxf6 20. g5 Qxf4 21. Be3 Bxd4 22. Bxd4 Nxd4 23. gxh6 Qf2+ 24. Kh1 Nf5 25.
Ng4 Qh4+ 26. Kg1 Rbe8 27. Nc3 Nxh6 28. Nxh6+ Qxh6 29. Qg4 Bc8 30. Qg3 Qg7 31. Qe5 Qxe5 32. Rxe5 Bd7 33. Rae1 Kg7 34. Bf1 Kf6 35. Nb5 Bxb5 36.
Bxb5 Re7 37. Bd3 Kg7 38. R5e3 Rf6 39. Rg3 Kf7 40. Re5 Rd7 41. Reg5 Re7 42. Bxg6+ Rxg6 43. Rxg6 e5 44. Rg7+ Kf6 45. Rxe7 Kxe7 46. Rg5 Kf6 47. Rh5 d4 48. Kf2 1-0

[Event "*** SCC Grand Prix: Titled Tuesday Blitz"]
[Site "Chess.com"]
[Date "2020.07.14"]
[Round "8"]
[White "2900tactinhos"]
[Black "Aguiar94"]
[Result "1-0"]
[WhiteElo "2442"]
[BlackElo "2537"]
[TimeControl "180+1"]
[EndTime "11:36:56 PDT"]
[Termination "2900tactinhos won by resignation"]

1. d4 Nf6 2. c4 e6 3. Nf3 b6 4. g3 Ba6 5. b3 b5 6. Bg2 bxc4 7.
O-O cxb3 8. axb3 Bb7 9. Nc3 Bb4 10. Qc2 O-O 11. Rd1 a5 12. Bg5 h6 13. Bxf6 Qxf6 14.
Ng5 Qxg5 15. Bxb7 Ra7 16. Bf3 d5 17. e4 c6 18. Na4 Qe7 19. Rac1 Ba3 20. Rb1 Rc7 21. Kg2 Na6 22. Qe2 Ra8 23. h4 Rb7 24. Rd2 Bd6 25. Rc2 Nb4 26. Rcc1 Qd8 27. Nc5 Rbb8 28.
e5 Be7 29. Bh5 Rb5 30. Bxf7+ Kxf7 31. Qf3+ Kg8 32. Nxe6 Qd7 33. Qg4 Bf8 34. f4 a4 35.
bxa4 Rxa4 36. Rb2 Raa5 37. Rc3 Na2 38. Rxb5 Rxb5 39. Rc2 Nb4 40. Rd2 Na6 41. f5 Rb4 42.
Ra2 Rb6 43. Qe2 Nb4 44. Ra8 Rb7 45. Rxf8+ Kh7 46. Qh5 1-0

[Event "*** SCC Grand Prix: Titled Tuesday Blitz"]
[Site "Chess.com"]
[Date "2020.07.14"]
[Round "8"]
[White "brunoo2003"]
[Black "guillembaches"]
[Result "1-0"]
[WhiteElo "2267"]
[BlackElo "2390"]
[TimeControl "180+1"]
[EndTime "11:36:56 PDT"]
[Termination "brunoo2003 won by resignation"]

1. e4 c5 2. Nf3 d6 3. d4 cxd4 4. Nxd4 Nf6 5. Nc3 Nc6 6. Bg5 e6 7. Qd2 h6 8. Be3 Ng4 9. Nxc6 bxc6 10. Bf4 e5 11. Bg3 Be7 12. f3 Nf6 13. Bc4 Nh5 14.
Bf2 Nf4 15. Be3 Be6 16. Bb3 O-O 17. g3 Bxb3 18. axb3 Ne6 19. O-O Bf6 20. f4 Nd4 21. Bxd4 exd4 22. Ne2 Re8 23. Qd3 c5 24. Rae1 Qb6 25.
Kg2 Re7 26. Ng1 Rae8 27. Re2 g6 28. Nf3 Bg7 29. g4 Qb7 30. Rfe1 Qd7 31. Kg3 Qc6 32. h4 Qc7 33. h5 Qd7 34. hxg6 fxg6 35. e5 g5 36. fxg5 hxg5 37. exd6 Qxd6+ 38. Kf2 Rxe2+ 39. Rxe2 Rxe2+ 40. Qxe2 Qf4 41. Qe8+ Bf8 42. Qg6+ Bg7 43. Qxg5 Qf7 44. Qxc5 Qd7 45. Qf5 Qd8 46. Ng5 d3 47. cxd3 Qxd3 48. Qxd3 1-0

[Event "*** SCC Grand Prix: Titled Tuesday Blitz"]
[Site "Chess.com"]
[Date "2020.07.14"]
[Round "8"]
[White "snap_man"]
[Black "NotFischer"]
[Result "1-0"]
[WhiteElo "2308"]
[BlackElo "2133"]
[TimeControl "180+1"]
[EndTime "11:36:56 PDT"]
[Termination "snap_man won by resignation"]

1. Nf3 Nf6 2. g3 d6 3. b3 e5 4.
Bg2 c6 5. Bb2 Nbd7 6. O-O Be7 7.
c4 O-O 8. d4 Qc7 9. Nc3 Re8 10.
e4 a5 11. Re1 Bf8 12. d5 cxd5 13. Nxd5 Nxd5 14. Qxd5 Nf6 15. Qd2 Bd7 16. Rac1 Bc6 17. Qd3 Qb6 18. c5 Qc7 19. Qc4 d5 20. exd5 Bxd5 21.
Qc3 Qc6 22. Rxe5 Nd7 23. Rg5 f6 24. Nd4 fxg5 25. Nxc6 Bxc6 26. Bxc6 bxc6 27. Rd1 Nxc5 28.
Qc4+ Kh8 29. Ba3 Ne6 30. Bxf8 Nxf8 31. Qxc6 Rac8 32. Qb5 Ne6 33. Re1 g4 34. Qxa5 Nd4 35.
Rxe8+ Rxe8 36. Qc5 Nf3+ 37. Kg2 Ne1+ 38. Kf1 Nf3 39.
Qb4 Nxh2+ 40. Kg2 Nf3 41. a4 Ne1+ 42. Kf1 Nd3 43. Qxg4 Re1+ 44. Kg2 h6 45. Qc8+ Kh7 46. Qf5+ 1-0

[Event "*** SCC Grand Prix: Titled Tuesday Blitz"]
[Site "Chess.com"]
[Date "2020.07.14"]
[Round "8"]
[White "vaishali2001"]
[Black "Evgeny81"]
[Result "0-1"]
[WhiteElo "2605"]
[BlackElo "2743"]
[TimeControl "180+1"]
[EndTime "11:36:58 PDT"]
[Termination "Evgeny81 won by resignation"]

1. e4 e5 2. Nf3 Nc6 3. Nc3 Nf6 4.
Bb5 Bd6 5. d3 h6 6. O-O O-O 7.
h3 Re8 8. a3 Bf8 9. Re1 Nd4 10.
Nxd4 exd4 11. Ne2 c6 12. Ba4 d5 13. Nxd4 dxe4 14. dxe4 Rxe4 15. Rxe4 Nxe4 16. Be3 Nc5 17. c3 Nxa4 18. Qxa4 c5 19. Nf3 b6 20. Rd1 Qe7 21. Bf4 Be6 22. Bd6 Qe8 23. Qxe8 Rxe8 24. Bxf8 Kxf8 25.
Rd2 Ke7 26. Ne5 Rc8 27. Ng4 Bxg4 28. hxg4 Rc6 29. f3 Re6 30. Kf2 g6 31. c4 Re5 32.
Rd3 h5 33. gxh5 Rxh5 34. b4 cxb4 35. axb4 a5 36. c5 axb4 37. cxb6 Rb5 38. Rb3 Rxb6 39.
Ke3 Kd6 40. Kd4 g5 41. g3 f5 42. f4 g4 43. Kc4 Kc6 44. Kd4 Kb5 45. Ke5 Kc4 46. Rb1 Rb5+ 47. Kf6 b3 48. Kg5 Kc3 49. Kf6 Kc2 50. Rf1 b2 51. Kg5 b1=Q 0-1

[Event "*** SCC Grand Prix: Titled Tuesday Blitz"]
[Site "Chess.com"]
[Date "2020.07.14"]
[Round "8"]
[White "VladaSviridova"]
[Black "TheWolfSpur"]
[Result "1/2-1/2"]
[WhiteElo "2122"]
[BlackElo "2278"]
[TimeControl "180+1"]
[EndTime "11:36:58 PDT"]
[Termination "Game drawn - insufficient material"]

1. d4 Nf6 2. c4 c5 3. d5 e6 4. Nc3 exd5 5. cxd5 d6 6. e4 g6 7. Bd3 Bg7 8. h3 a6 9. a4 O-O 10. Nf3 Nbd7 11. O-O Rb8 12. Bf4 Qe7 13. Re1 Ne8 14. Qd2 Nc7 15. a5 b5 16. axb6 Rxb6 17.
Ra2 Rb4 18. Bh6 Re8 19. Bxg7 Kxg7 20. Bf1 Ne5 21. Qf4 Nxf3+ 22. Qxf3 Nb5 23. Nxb5 axb5 24. Qc3+ Qf6 25. Qxf6+ Kxf6 26. f3 h5 27. Ra5 Rxb2 28. Bxb5 Re7 29. Bf1 h4 30. f4 Rb4 31. Bd3 Bb7 32.
Ra7 Rd4 33. Bb1 Bc8 34. Rxe7 Kxe7 35. Kf2 Ba6 36. Ke3 Rb4 37. Bc2 Rb2 38. Rc1 f6 39. Kf3 Bc8 40. g4 hxg3 41. Kxg3 Bd7 42. h4 Ra2 43.
Kf3 Ra3+ 44. Kf2 Bg4 45. Rg1 Bh5 46. e5 fxe5 47. fxe5 dxe5 48. Bxg6 Bxg6 49. Rxg6 Rd3 50. Rc6 Rxd5 51. Ke3 Kd7 52. Ra6 c4 53. Ra4 Rd3+ 54.
Ke4 Rd4+ 55. Kxe5 Rxh4 56. Kd5 Rh5+ 57. Kxc4 Rh4+ 58. Kb5 Rxa4 59. Kxa4 1/2-1/2

[Event "*** SCC Grand Prix: Titled Tuesday Blitz"]
[Site "Chess.com"]
[Date "2020.07.14"]
[Round "8"]
[White "Chessbard1972"]
[Black "secretsuperstar7"]
[Result "1-0"]
[WhiteElo "2261"]
[BlackElo "2101"]
[TimeControl "180+1"]
[EndTime "11:36:58 PDT"]
[Termination "Chessbard1972 won on time"]

1. d4 Nf6 2. c4 e6 3. Nf3 Bb4+ 4. Nbd2 d5 5. a3 Be7 6. c5 b6 7. b4 a5 8. Bb2 Ba6 9. g3 O-O 10. Bg2 Ne4 11. O-O Bf6 12. Rc1 g6 13. Ne5 Nxd2 14.
Qxd2 Nd7 15. f4 Nxe5 16. fxe5 Bg5 17. Qc2 Bxc1 18. Bxc1 f6 19. Bh6 Rf7 20. Bh3 f5 21.
Qd2 axb4 22. axb4 bxc5 23. bxc5 Bc4 24. Rb1 Ra2 25. Qg5 Qa8 26. e3 Ra1 27. Rxa1 Qxa1+ 28. Kf2 Qa2+ 29. Kg1 Qb1+ 30. Kf2 Qc2+ 31. Kg1 Qd1+ 32. Kf2 Qc2+ 33. Kg1 Qb1+ 34. Kf2 Qa2+ 35. Kg1 Qa8 36. Bg2 c6 37. h4 Bd3 38. h5 Kh8 39.
hxg6 hxg6 40. Qxg6 Qg8 41. Qxe6 Qh7 42. Qe8+ Qg8 43.
Qxc6 Qxg3 44. Qe8+ Qg8 45. Qe6 Be4 46. Kf2 1-0

[Event "*** SCC Grand Prix: Titled Tuesday Blitz"]
[Site "Chess.com"]
[Date "2020.07.14"]
[Round "8"]
[White "Matols"]
[Black "ailime26"]
[Result "0-1"]
[WhiteElo "2198"]
[BlackElo "1892"]
[TimeControl "180+1"]
[EndTime "11:36:58 PDT"]
[Termination "ailime26 won by resignation"]

1. d4 d5 2. c4 e6 3. Nf3 Nf6 4. g3 Be7 5. Bg2 O-O 6. O-O b6 7. Qc2 Bb7 8. Nbd2 Nbd7 9. cxd5 Nxd5 10. a3 c5 11. e4 N5f6 12. Rd1 Rc8 13. d5 exd5 14.
exd5 Bxd5 15. Nc4 Qc7 16. Bg5 Qb7 17. Nh4 Bxg2 18. Nxg2 h6 19. Bf4 Rfe8 20. Nd6 Bxd6 21. Bxd6 Ne5 22. Qc3 Nf3+ 23. Kh1 Re6 24. Rd3 Nd4 25. Bf4 Ne4 26. Qe1 Nxg3+ 27. hxg3 Rxe1+ 28. Rxe1 Nf3 29. Red1 Qe4 30. Re3 Qc6 31. Rdd3 Nd4 32. Kg1 g5 33. Be5 Rd8 34. Ne1 f6 35. Bxd4 cxd4 36. Re7 Qc5 37. Rxa7 Qe5 38. Kf1 Re8 39. Rd1 Qe2+ 40. Kg2 Qxd1 41. Nf3 Qd3 42. Rb7 Qe4 43. Rxb6 g4 44. Rxf6 gxf3+ 45. Kh2 Kg7 46. a4 Qe2 47. Rxf3 Qxf3 48. a5 Re1 0-1

[Event "*** SCC Grand Prix: Titled Tuesday Blitz"]
[Site "Chess.com"]
[Date "2020.07.14"]
[Round "8"]
[White "AryanTari"]
[Black "GMHess"]
[Result "0-1"]
[WhiteElo "2865"]
[BlackElo "2769"]
[TimeControl "180+1"]
[EndTime "11:36:59 PDT"]
[Termination "GMHess won by checkmate"]

1. e4 d6 2. d4 Nf6 3. Nc3 c6 4. f4 Qa5 5. Bd3 d5 6. e5 Ne4 7.
Bd2 Nxd2 8. Qxd2 e6 9. Nf3 b5 10. O-O b4 11. Ne2 c5 12. c3 bxc3 13. bxc3 Nc6 14.
Kh1 g6 15. Rfb1 c4 16. Bc2 Ba3 17. g4 h5 18. gxh5 Rxh5 19. Ng3 Rh8 20. Kg2 Ne7 21.
h4 Bd7 22. Qe3 Nf5 23. Bxf5 gxf5 24. h5 O-O-O 25. Qd2 Rdg8 26. Kf2 Rg4 27. Rh1 Bf8 28. Ng5 Bh6 29. Ne2 Bxg5 30. fxg5 Qd8 31. Rag1 Rxg1 32. Nxg1 Qa5 33. Nf3 Kc7 34. h6 Qa3 35. Kg3 Rb8 36.
h7 Rh8 37. Rh6 Qf8 38. Qh2 Qa3 39. Qd2 Ba4 40. Kf4 Be8 41. Nh4 Qf8 42. Nf3 Qg7 43.
Qh2 Qf8 44. Qh4 Qa3 45. Qe1 Qxa2 46. Qd2 Qb1 47. g6 Qe4+ 48. Kg5 fxg6 49. Kf6 f4 50. Kg7 Qf5 51. Ng5 Qf8# 0-1

[Event "*** SCC Grand Prix: Titled Tuesday Blitz"]
[Site "Chess.com"]
[Date "2020.07.14"]
[Round "8"]
[White "Slovak_fighter2000"]
[Black "Duong57"]
[Result "1-0"]
[WhiteElo "2447"]
[BlackElo "2258"]
[TimeControl "180+1"]
[EndTime "11:37:00 PDT"]
[Termination "Slovak_fighter2000 won by resignation"]

1. Nf3 d5 2. g3 c6 3. Bg2 Bg4 4. O-O Nd7 5. c4 e6 6. Qb3 Qb6 7. d3 Ngf6 8. Nc3 Be7 9. cxd5 cxd5 10. Be3 Qxb3 11. axb3 a6 12. h3 Bh5 13. g4 Bg6 14. Bd4 O-O 15. Ne5 Nxe5 16. Bxe5 Nd7 17. Bg3 Rac8 18.
f4 f5 19. gxf5 Bxf5 20. e4 dxe4 21. dxe4 Bg6 22. Rfe1 Bb4 23. Re3 Bc5 24. Bf2 Rxf4 25. Rf3 Rxf3 26. Bxf3 Bxf2+ 27. Kxf2 Nc5 28. e5 Rc7 29. Rd1 Nd3+ 30. Ke3 Nxe5 31. Be4 Bxe4 32. Nxe4 Rd7 33. Rc1 Rd3+ 34. Kf4 Ng6+ 35. Kg5 Rd5+ 36. Kg4 h5+ 37. Kf3 Rd3+ 38. Ke2 Rxb3 39. Ng5 Rxb2+ 40.
Ke3 Ne7 41. Ke4 Re2+ 42. Kf3 Re5 43. h4 g6 44. Rc7 Nd5 45. Rc8+ Kg7 46. Rb8 Rf5+ 47.
Ke4 Rf4+ 48. Ke5 Rf5+ 49. Kxe6 Nf4+ 50. Kd6 Rd5+ 51. Ke7 b5 52. Rb7 Re5+ 53. Kd6+ Kg8 54. Kxe5 Nd3+ 55. Kf6 1-0

[Event "*** SCC Grand Prix: Titled Tuesday Blitz"]
[Site "Chess.com"]
[Date "2020.07.14"]
[Round "8"]
[White "Arjun2002"]
[Black "Nf3c5"]
[Result "0-1"]
[WhiteElo "2651"]
[BlackElo "2543"]
[TimeControl "180+1"]
[EndTime "11:37:01 PDT"]
[Termination "Nf3c5 won by resignation"]

1. d4 Nf6 2. c4 g6 3. Nc3 d5 4. e3 Bg7 5. Nf3 O-O 6. b3 c5 7. Bb2 cxd4 8. Nxd4 a6 9. Be2 dxc4 10. bxc4 e5 11. Nb3 Qc7 12. O-O Rd8 13. Nd5 Qd6 14. Bf3 Nc6 15. Nb6 Qb4 16. Nxa8 Rxd1 17. Rfxd1 e4 18. Be2 Nd7 19. Bxg7 Kxg7 20. Nc7 Nde5 21. Nd5 Qd6 22. Rd2 Be6 23. Rad1 Qa3 24. h3 h5 25.
Rc2 Nd3 26. Nf4 Nxf4 27. exf4 Nb4 28. Rcd2 Nxa2 29. Nd4 Nc3 30. Nxe6+ fxe6 31. Re1 Qb4 32. Bf1 a5 33. Rd7+ Kf6 34. g4 hxg4 35. hxg4 g5 36. Bg2 gxf4 37. Bxe4 Nxe4 38. Rdd1 Ng5 39. Kg2 f3+ 40. Kg3 Qc5 41. Kh4 Qc7 42. Rh1 Qf4 43. Rd8 Nf7 44. Rg8 Qh6+ 45. Kg3 Qxh1 46. g5+ 0-1

[Event "*** SCC Grand Prix: Titled Tuesday Blitz"]
[Site "Chess.com"]
[Date "2020.07.14"]
[Round "8"]
[White "denispopov"]
[Black "czasnaszachy"]
[Result "1-0"]
[WhiteElo "1786"]
[BlackElo "2176"]
[TimeControl "180+1"]
[EndTime "11:37:01 PDT"]
[Termination "denispopov won on time"]

1. e4 c5 2. Nc3 e6 3. Nge2 Nc6 4. d3 d5 5. g3 g6 6. Bg2 Bg7 7. O-O Nge7 8. Bd2 O-O 9. Qc1 a6 10. Bh6 b5 11. Bxg7 Kxg7 12. exd5 exd5 13. Nf4 Be6 14. Re1 Qd7 15. Nxe6+ fxe6 16. Qd2 b4 17. Ne2 e5 18.
Rad1 Rf7 19. f4 Raf8 20. fxe5 Nxe5 21. Nf4 Rxf4 22. gxf4 Ng4 23. Qe2 Rf7 24. Qe6 Qxe6 25. Rxe6 d4 26. Rxa6 Ne3 27. Rd2 Rxf4 28. Ra7 Kf6 29.
Rc7 Rf5 30. Rf2 Rxf2 31. Kxf2 Nd1+ 32. Ke2 Nxb2 33. Rxc5 Nf5 34. Rb5 Na4 35. Rxb4 Nc3+ 36. Kd2 Nxa2 37. Rb6+ Kg5 38. Be4 Ne3 39. Rd6 Nf1+ 40.
Ke1 Nxh2 41. Rxd4 Nc3 42. Rc4 Nxe4 43. Rxe4 Kf5 44. Re2 Ng4 45. Kf1 h5 46. d4 h4 47.
d5 h3 48. Kg1 Nf6 49. d6 1-0

[Event "*** SCC Grand Prix: Titled Tuesday Blitz"]
[Site "Chess.com"]
[Date "2020.07.14"]
[Round "8"]
[White "MacDaddyMac"]
[Black "MashaFromRussia"]
[Result "1-0"]
[WhiteElo "2321"]
[BlackElo "2415"]
[TimeControl "180+1"]
[EndTime "11:37:02 PDT"]
[Termination "MacDaddyMac won by resignation"]

1. e4 c5 2. Nc3 Nc6 3. f4 g6 4. Nf3 Bg7 5. Bb5 e6 6. Bxc6 bxc6 7. e5 d5 8. exd6 Qxd6 9. d3 Nf6 10. O-O O-O 11. Ne4 Nxe4 12. dxe4 Rd8 13. Qxd6 Rxd6 14. e5 Rd7 15. c4 Ba6 16. b3 Rd3 17. Ba3 Bf8 18. Rad1 Rad8 19. Rxd3 Rxd3 20. Kf2 h6 21. Rc1 g5 22. Ke2 Rd7 23. fxg5 hxg5 24. g4 Kg7 25. Nxg5 Kg6 26. Nf3 Bc8 27. h4 f6 28. exf6 Kxf6 29. Bb2+ Ke7 30. Ne5 Rd6 31. Ng6+ Ke8 32. Nxf8 Kxf8 33.
Ba3 Kg7 34. Bxc5 Rd8 35. Bxa7 e5 36. Ke3 Kg6 37. Rg1 Be6 38. Ke4 Ra8 39. h5+ Kg5 40. Be3+ Kh4 41. Kxe5 Bxg4 42. h6 Be2 43. h7 Bd3 44.
h8=Q+ Rxh8 45. Rh1+ Kg3 46. Rxh8 Bb1 47. Bd4 Bxa2 48. Rb8 Bxb3 49. Rxb3+ 1-0

[Event "*** SCC Grand Prix: Titled Tuesday Blitz"]
[Site "Chess.com"]
[Date "2020.07.14"]
[Round "8"]
[White "Colchonero64"]
[Black "rpragchess"]
[Result "1-0"]
[WhiteElo "2950"]
[BlackElo "2815"]
[TimeControl "180+1"]
[EndTime "11:37:03 PDT"]
[Termination "Colchonero64 won by resignation"]

1. d4 Nf6 2. Bg5 d5 3. e3 c5 4. Bd3 Nc6 5. c3 Qb6 6. Qc1 e5 7. Ne2 Be7 8. dxc5 Qxc5 9. Nd2 O-O 10. O-O Be6 11. a3 a5 12. c4 Rfd8 13. Nc3 dxc4 14. Be2 Rac8 15. Bxf6 Bxf6 16. Nce4 Qe7 17. Qc2 b5 18.
Bf3 g6 19. Nxf6+ Qxf6 20. Ne4 Qe7 21. a4 b4 22. Rfd1 f6 23. h3 Kg7 24. Rac1 b3 25. Qe2 Nb4 26. Nc3 Nd3 27. Rb1 Qb4 28. Be4 Nc5 29. Rxd8 Rxd8 30. Rd1 Qb8 31. Bd5 Bxd5 32. Nxd5 Nd3 33. e4 Qa7 34. g3 Qd4 35. Kg2 f5 36. f3 fxe4 37. fxe4 Rf8 38. Rd2 Rf7 39. Qe3 Qxe3 40.
Nxe3 Nc5 41. Nxc4 Nxe4 42. Re2 Nc5 43. Nxe5 Nxa4 44. Nxf7 Kxf7 45. Re3 Nc5 46. Rc3 Ne6 47. Rxb3 Kf6 48. Ra3 1-0

[Event "*** SCC Grand Prix: Titled Tuesday Blitz"]
[Site "Chess.com"]
[Date "2020.07.14"]
[Round "8"]
[White "ShimanovAlex"]
[Black "PSvidler"]
[Result "1/2-1/2"]
[WhiteElo "2824"]
[BlackElo "2963"]
[TimeControl "180+1"]
[EndTime "11:37:03 PDT"]
[Termination "Game drawn by repetition"]

1. d4 Nf6 2. Bf4 g6 3. Nd2 Bg7 4. c3 O-O 5. e4 d6 6. Ngf3 Nfd7 7. Be2 e5 8. dxe5 dxe5 9. Bg5 Qe8 10. h4 Nf6 11. Bxf6 Bxf6 12. h5 Qe7 13. Nc4 Rd8 14.
Qc1 Bg7 15. hxg6 hxg6 16. Ne3 Be6 17. Bc4 Bxc4 18. Nxc4 Nd7 19. Qc2 Nc5 20. Kf1 c6 21.
g3 Qe6 22. Ne3 a5 23. Kg2 a4 24. Rh7 Bf6 25. Rah1 Kf8 26. c4 Ke7 27. g4 Kd7 28. g5 Be7 29. Rxf7 Kc7 30. Rhh7 Rd7 31. Qc3 Nd3 32.
Kf1 Re8 33. Nf5 gxf5 34. exf5 Qd6 35. f6 e4 36. Ne1 Qf4 37. Nxd3 exd3 38. Rxe7 Rexe7 39. Rxe7 d2 40. Rxd7+ Kxd7 41. Qd3+ Ke6 42. Qe2+ Kf7 43.
Qe7+ Kg6 44. Qg7+ Kf5 45. Ke2 Qxc4+ 46. Kxd2 Qd4+ 47. Ke2 Qe4+ 48. Kf1 Qh1+ 49. Ke2 Qe4+ 50. Kd2 Qd4+ 51. Ke2 Qe4+ 1/2-1/2

[Event "*** SCC Grand Prix: Titled Tuesday Blitz"]
[Site "Chess.com"]
[Date "2020.07.14"]
[Round "8"]
[White "RobertoJBM"]
[Black "warmoatmeal"]
[Result "0-1"]
[WhiteElo "2618"]
[BlackElo "2359"]
[TimeControl "180+1"]
[EndTime "11:37:03 PDT"]
[Termination "warmoatmeal won by checkmate"]

1. d4 Nf6 2. c4 e6 3. Nc3 Bb4 4. Qc2 d6 5. Nf3 Nbd7 6. a3 Bxc3+ 7.
Qxc3 b6 8. g3 Bb7 9. Bg2 O-O 10.
O-O c5 11. b3 Ne4 12. Qb2 f5 13. Rd1 Qe7 14. b4 Rab8 15. dxc5 bxc5 16. b5 d5 17. Bf4 Rbd8 18. Ne5 d4 19. Nxd7 Rxd7 20. Be5 Nc3 21. Rd3 Be4 22. Rd2 Rdd8 23. a4 Qb7 24. f3 Nxe2+ 25. Rxe2 Bxf3 26. Bxf3 Qxf3 27. Qd2 h6 28. a5 Rd7 29. b6 axb6 30. axb6 Qb3 31. Ra7 Rff7 32. Rxd7 Rxd7 33. Bc7 d3 34. Re1 Rd4 35.
Rd1 Kf7 36. Be5 Rd7 37. Bc7 Rd4 38. Rc1 Kf6 39. Qe3 d2 40. Be5+ Kf7 41. Qxb3 dxc1=Q+ 42. Kg2 Qd2+ 43. Kh3 Rd7 44. b7 Qe1 45. b8=Q Qf1+ 46. Kh4 g5+ 47. Kh5 Qh3# 0-1

[Event "*** SCC Grand Prix: Titled Tuesday Blitz"]
[Site "Chess.com"]
[Date "2020.07.14"]
[Round "8"]
[White "VerdeNotte"]
[Black "Oleksandr_Bortnyk"]
[Result "0-1"]
[WhiteElo "2802"]
[BlackElo "2942"]
[TimeControl "180+1"]
[EndTime "11:37:04 PDT"]
[Termination "Oleksandr_Bortnyk won by resignation"]

1. e4 Nf6 2. e5 Nd5 3. c4 Nb6 4. d4 d6 5. f4 dxe5 6. fxe5 Nc6 7. Be3 Bf5 8. Nc3 e6 9. Nf3 Bb4 10. Rc1 Na5 11. a3 Naxc4 12. Bg5 Bxc3+ 13. Rxc3 Qd5 14. Qc1 Qe4+ 15. Kf2 h6 16. Bd3 Qd5 17. Bxc4 Nxc4 18. Rxc4 hxg5 19. Rc5 Qd8 20. Qxg5 Qxg5 21. Nxg5 c6 22.
h4 Rd8 23. Ke3 f6 24. Nf3 Ke7 25. b4 a6 26. a4 Rd5 27. Rxd5 cxd5 28. Rc1 Kd7 29.
g3 Bg4 30. Nd2 g5 31. exf6 gxh4 32. Kf4 Be2 33. Rh1 h3 34. Rh2 Bd1 35. a5 Ke8 36. g4 Rh4 37. Nf1 Bxg4 38. Ng3 Bd1+ 39. Ke5 Kf7 40.
Rh1 Bf3 41. Rc1 Rh8 42. Rc7+ Kg6 43. Rg7+ Kh6 44. Kxe6 h2 45. Nf5+ Kh5 46. Ng3+ Kh4 47. f7 Bg4+ 48. Kf6 Kxg3 49. Rg8 h1=Q 50. f8=Q Qf3+ 51.
Ke7 Qxf8+ 52. Rxf8 Rxf8 53. Kxf8 Kf4 54. Ke7 Ke4 55. Kd6 Kxd4 56. Kc7 Kc4 57. Kxb7 Kb5 0-1

[Event "*** SCC Grand Prix: Titled Tuesday Blitz"]
[Site "Chess.com"]
[Date "2020.07.14"]
[Round "8"]
[White "K-Nygren"]
[Black "AlexOstrovskiy"]
[Result "1-0"]
[WhiteElo "2489"]
[BlackElo "2609"]
[TimeControl "180+1"]
[EndTime "11:37:04 PDT"]
[Termination "K-Nygren won by resignation"]

1. e4 c6 2. d4 d5 3. e5 c5 4. dxc5 Nc6 5. Bf4 e6 6. Nf3 Bxc5 7. Be2 f6 8. O-O g5 9. Bg3 g4 10. Nh4 fxe5 11. Bxg4 Nf6 12. Bh5+ Ke7 13. Kh1 e4 14. Nc3 a6 15. f4 Rg8 16. f5 e5 17.
Ng6+ hxg6 18. fxg6 Ke6 19. Rxf6+ Kxf6 20. Bh4+ Kg7 21.
Bxd8 Rxd8 22. Qe1 Be6 23. Rd1 Nd4 24. Ne2 Nf5 25. Nf4 Bg8 26. Qc3 Bd4 27. Rxd4 exd4 28. Qc7+ Kf6 29. g4 Rac8 30. Qb6+ Ke5 31. gxf5 Kxf4 32.
f6 d3 33. cxd3 exd3 34. Qf2+ Kg5 35. Bd1 Kxg6 36. h4 Kf7 37. Bh5+ Kf8 38. f7 Bh7 39.
Qe3 Rc2 40. Qh6+ Ke7 41. Qg5+ Kd7 42. Qxd8+ Kxd8 43. f8=Q+ Kc7 44. Qg7+ Kd6 45. Qxh7 Rc1+ 46. Kg2 d2 47. Be2 1-0

[Event "*** SCC Grand Prix: Titled Tuesday Blitz"]
[Site "Chess.com"]
[Date "2020.07.14"]
[Round "8"]
[White "crossingthestreet"]
[Black "Artem_Sadovsky"]
[Result "1-0"]
[WhiteElo "2436"]
[BlackElo "2537"]
[TimeControl "180+1"]
[EndTime "11:37:04 PDT"]
[Termination "crossingthestreet won on time"]

1. c4 g6 2. d4 Bg7 3. e4 d6 4.
Nc3 e5 5. d5 f5 6. exf5 gxf5 7.
Qh5+ Kf8 8. Qd1 Nf6 9. Nf3 Qe8 10. Be2 Na6 11. O-O Nc5 12. Be3 Nce4 13. Nxe4 Nxe4 14. Nd2 Nxd2 15. Bxd2 f4 16. Bg4 Qg6 17.
Bxc8 Rxc8 18. Qf3 h5 19. Rfe1 Bf6 20. Kh1 Rg8 21. Rac1 Qg4 22. c5 Qxf3 23. gxf3 Kf7 24. b4 Bh4 25. Re2 dxc5 26. bxc5 Bf6 27. c6 b6 28. Bc3 Rcd8 29. Bxe5 Rge8 30. Rce1 Rxd5 31. Bxc7 Rxe2 32. Rxe2 Rc5 33. Bxf4 Rxc6 34. Kg2 a5 35. Be5 Be7 36. f4 b5 37. f5 Rc4 38. f4 Bc5 39.
Kf3 b4 40. Rd2 a4 41. f6 Ke6 42. Rd8 b3 43. axb3 axb3 44. Re8+ Kf7 45. Rb8 Bb4 46.
Rb7+ Ke6 47. f7 Bf8 48. Rxb3 Kxf7 49. Rb7+ Ke6 50. Rh7 Rc3+ 51. Bxc3 1-0